 Dungeon Crawl Stone Soup version 0.19.1 (webtiles) character file.

3677 ChaseSP the Cleaver (level 10, -3/70 HPs)
             Began as a Formicid Fighter on Dec 3, 2016.
             Was a Believer of the Shining One.
             Slain by an orc warrior
             ... wielding a +0 halberd
              (28 damage)
             ... on level 11 of the Dungeon.
             The game lasted 00:12:52 (5793 turns).

ChaseSP the Cleaver (Formicid Fighter)              Turns: 5793, Time: 00:12:52

Health: -3/70      AC: 14    Str: 28    XL:     10   Next: 34%
Magic:  13/13      EV:  6    Int:  7    God:    the Shining One [**....]
Gold:   272        SH: 11    Dex: 13    Spells: 0 memorised, 9 levels left

rFire  . . .     SeeInvis +     a - +0 war axe
rCold  . . .     Gourm    .     O - +0 plate armour
rNeg   + . .     Faith    .     c - +0 shield
rPois  .         Spirit   .     (helmet unavailable)
rElec  .         Reflect  .     x - +1 cloak
rCorr  +         Harm     .     n - +0 pair of gloves
MR     +....                    (no boots)
Stlth  ..........               E - amulet of regeneration
                                M - ring of resist corrosion
                                J - +6 ring of strength

@: glowing
A: permanent stasis, dig shafts and tunnels, four strong arms, antennae 3
a: Dig, Shaft Self, Divine Shield, Renounce Religion


You were on level 11 of the Dungeon.
You worshipped the Shining One.
The Shining One was pleased with you.
You were very hungry.

You visited 1 branch of the dungeon, and saw 9 of its levels.

You collected 468 gold pieces.
You spent 196 gold pieces at shops.

Inventory:

Hand Weapons
 a - a +0 war axe (weapon)
 b - a +0 hand crossbow
 p - a +0 dire flail
 K - a +1 mace of protection
Missiles
 H - 22 bolts
Armour
 c - a +0 shield (worn)
 n - a +0 pair of gloves (worn)
 x - a +1 cloak (worn)
 L - a +0 scale mail of fire resistance
 O - a +0 plate armour (worn)
Jewellery
 E - an amulet of regeneration (around neck)
 J - a +6 ring of strength (left hand)
 M - a ring of resist corrosion (right hand)
Wands
 d - a wand of slowing (17/48)
 e - a wand of flame (25/48)
 k - a wand of slowing (32/48)
 z - a wand of flame (48/48)
 N - a wand of teleportation (2/9)
 R - a wand of lightning (5/15)
Scrolls
 g - 5 scrolls of remove curse
 l - a scroll of immolation {unknown}
 m - a scroll of recharging
 q - 2 scrolls of fog {unknown}
 t - a scroll of blinking {unknown}
 y - a scroll of noise {unknown}
 B - 2 scrolls of magic mapping
 C - a scroll of vulnerability {unknown}
 D - a scroll of fear
 G - 5 scrolls of identify
 I - a scroll of enchant weapon {unknown}
 Q - a scroll of holy word {unknown}
Potions
 h - 2 potions of mutation
 i - a potion of cancellation {unknown}
 o - 2 potions of heal wounds
 r - 2 potions of agility
 s - a potion of brilliance
 v - 2 potions of invisibility {unknown}
 A - a potion of resistance
 F - a potion of lignification {unknown}
 P - 2 potions of curing
Comestibles
 f - 5 bread rations
 j - 5 meat rations
 u - a slice of pizza
 w - 7 chunks of flesh


   Skills:
 - Level 3.2 Fighting
 * Level 12.4 Axes
 - Level 3.2 Armour
 + Level 6.6 Shields
 + Level 5.2 Invocations


You had 9 spell levels left.
You didn't know any spells.

Dungeon Overview and Level Annotations

Branches:
Dungeon (8/15)             Temple (0/1) D:4            Lair (0/6) D:8

Altars:
Ashenzari
Nemelex Xobeh
Trog
Uskayaw
The Shining One
Beogh

Shops:
D:4 *


Innate Abilities, Weirdness & Mutations

You are under a permanent stasis effect.
You can dig through walls and to a lower floor.
Your four strong arms can wield two-handed weapons with a shield.
You have a pair of large antennae on your head. (SInv)


Message History

The orc knight is severely wounded.
You block the orc knight's attack.
You hit the orc knight.
The orc knight is almost dead.
The orc knight roars a battlecry!
You slash the orc knight!
The orc knight is almost dead.
The orc knight hits you but does no damage.
You slash the orc knight!
You kill the orc knight!
Your Invocations skill increases to level 5!
You extend your mandibles.
You dig through the rock wall.
You are feeling very hungry.
The orc warrior hits you from afar with a halberd!!
The Shining One protects you from harm!
You dig through the rock wall.
You retract your mandibles.
The orc warrior hits you from afar with a halberd!!
You die... #....###....# #....# #....# #....###....##### #...............# #...............# #........######## #........# {{{{ #######......# { { #.....@......# ##.####......# {oo

#.# #o.....# .. .
#.#
##o#####{{{{{{ #.
#.#
#.#########{###..
#.#
##{#.{#.{{{{5....
#.# ##{##.#
#{...... #.#
###.## #.......
#.# ##.###(......


You could see 2 orc warriors.

Vanquished Creatures
  An orc knight (D:11)
  Grinder (D:6)
  Prince Ribbit (D:5)
  A hippogriff (D:7)
  Sigmund (D:3)
  A yak (D:8)
  An orc warrior (D:7)
  2 ice beasts
  A sky beast (D:6)
  2 phantoms (D:7)
  3 ogres
  A centaur (D:6)
  A crocodile (D:8)
  2 big kobolds
  2 bullfrogs (D:6)
  A howler monkey (D:7)
  A crimson imp (D:3)
  A jelly (D:11)
  2 gnoll shamans
  2 hounds (D:5)
  4 orc priests
  10 orc wizards
  Crazy Yiuf (D:2)
  Natasha (thrice) (D:3)
  Terence (D:3)
  3 iguanas
  A worker ant (D:4)
  A killer bee zombie (D:6)
  A worker ant zombie (D:6)
  Robin (D:2)
  8 adders
  8 gnolls
  2 river rats (D:8)
  A shadow imp (D:5)
  An ooze (D:3)
  4 worms (D:3)
  An adder skeleton (D:4)
  2 dart slugs
  5 leopard geckos
  24 orcs
  4 giant cockroaches
  14 goblins
  8 hobgoblins
  8 jackals
  5 quokkas
  2 ball pythons (D:1)
  9 bats
  2 frilled lizards (D:1)
  10 kobolds
  A leopard gecko zombie (D:6)
  A quokka skeleton (D:6)
  6 rats
  10 fungi
  A plant (D:8)
191 creatures vanquished.

Vanquished Creatures (others)
  A fungus (D:8)
  A plant (D:8)
2 creatures vanquished.

Grand Total: 193 creatures vanquished

Notes
Turn   | Place    | Note
-------+----------+-------------------------------------------
     0 | D:1      | ChaseSP the Formicid Fighter began the quest for the Orb.
     0 | D:1      | Reached XP level 1. HP: 18/18 MP: 1/1
   213 | D:1      | Reached XP level 2. HP: 24/24 MP: 2/2
   294 | D:1      | Reached skill level 3 in Axes
   651 | D:1      | Reached XP level 3. HP: 29/29 MP: 3/3
   995 | D:2      | Noticed Robin
  1011 | D:2      | Killed Robin
  1013 | D:2      | Reached skill level 4 in Axes
  1013 | D:2      | Reached XP level 4. HP: 7/35 MP: 4/4
  1384 | D:2      | Found a shattered altar of Ashenzari.
  1386 | D:2      | Found a glowing golden altar of the Shining One.
  1388 | D:2      | Found a bloodstained altar of Trog.
  1388 | D:2      | Found a hide-covered altar of Uskayaw.
  1401 | D:2      | Became a worshipper of the Shining One
  2069 | D:2      | Found a runed door.
  2073 | D:2      | Noticed Crazy Yiuf
  2077 | D:2      | Killed Crazy Yiuf
  2077 | D:2      | Reached XP level 5. HP: 35/41 MP: 5/5
  2145 | D:3      | Reached skill level 5 in Axes
  2202 | D:3      | Noticed Natasha
  2212 | D:3      | Killed Natasha
  2263 | D:3      | Reached XP level 6. HP: 46/47 MP: 6/6
  2341 | D:3      | Noticed Natasha
  2360 | D:3      | Killed Natasha
  2360 | D:3      | Reached skill level 6 in Axes
  2405 | D:3      | Noticed Natasha
  2412 | D:3      | Killed Natasha
  2529 | D:3      | Noticed Terence
  2535 | D:3      | Killed Terence
  2776 | D:3      | Noticed Sigmund
  2787 | D:3      | Killed Sigmund
  2787 | D:3      | Reached skill level 7 in Axes
  2787 | D:3      | Reached XP level 7. HP: 49/52 MP: 7/7
  3001 | D:4      | Found Ceofymus's Assorted Antiques.
  3004 | D:4      | Bought a scroll labeled TEUTOXACVU for 18 gold pieces
  3004 | D:4      | Bought a coppery potion for 16 gold pieces
  3004 | D:4      | Bought a scroll labeled SUOCEQATAO for 18 gold pieces
  3004 | D:4      | Bought a scroll labeled NENOQE GOESAPU for 18 gold pieces
  3004 | D:4      | Bought a scroll labeled WEMEZX UVAOB for 18 gold pieces
  3004 | D:4      | Bought a scroll labeled TEUTOXACVU for 18 gold pieces
  3004 | D:4      | Bought a thin sapphire amulet for 90 gold pieces
  3102 | D:4      | Found a staircase to the Ecumenical Temple.
  3169 | D:4      | Reached * piety under the Shining One
  3176 | D:4      | Reached skill level 8 in Axes
  3598 | D:5      | Entered Level 5 of the Dungeon
  3600 | D:5      | Noticed Prince Ribbit
  3610 | D:5      | Killed Prince Ribbit
  3610 | D:5      | Reached skill level 9 in Axes
  3610 | D:5      | Reached XP level 8. HP: 43/58 MP: 8/8
  3692 | D:5      | Found a sparkling altar of Nemelex Xobeh.
  3938 | D:5      | Reached skill level 10 in Axes
  4282 | D:6      | Reached XP level 9. HP: 64/64 MP: 9/9
  4296 | D:6      | Reached ** piety under the Shining One
  4469 | D:6      | Reached skill level 1 in Invocations
  4482 | D:6      | Noticed Grinder
  4488 | D:6      | Reached skill level 11 in Axes
  4500 | D:6      | Killed Grinder
  4957 | D:7      | Reached skill level 5 in Shields
  5408 | D:7      | Noticed a hippogriff
  5419 | D:7      | Killed a hippogriff
  5419 | D:7      | Reached XP level 10. HP: 53/70 MP: 11/13
  5554 | D:8      | Found a staircase to the Lair.
  5589 | D:8      | Reached skill level 12 in Axes
  5678 | D:8      | You fall through a shaft for 3 floors!
  5732 | D:11     | Noticed an orc knight
  5732 | D:11     | Found a roughly hewn altar of Beogh.
  5788 | D:11     | Killed an orc knight
  5788 | D:11     | Reached skill level 5 in Invocations
  5789 | D:11     | The Shining One protects you from harm!
  5793 | D:11     | Slain by an orc warrior

Skill      XL: |  1  2  3  4  5  6  7  8  9 10 |
---------------+-------------------------------+-----
Axes           | 3 4 5 7 9 10 11 12 | 12.4
Invocations    | 4 5 |  5.2
Shields        | 5 6 |  6.6
Fighting       | |  3.2
Armour         | |  3.2

Action                   |  1- 3 |  4- 6 |  7- 9 | 10-12 || total
-------------------------+-------+-------+-------+-------++-------
Melee: War axe           |    78 |   193 |   257 |    90 ||   618
 Abil: Dig               |       |       |       |     2 ||     2
  Use: Potion            |       |     1 |       |       ||     1
       Scroll            |       |       |    11 |       ||    11
  Eat: Chunk             |       |     6 |     9 |     1 ||    16
Armor: Scale mail        |    49 |    61 |    35 |       ||   145
       Chain mail        |       |       |    43 |       ||    43
       Plate armour      |       |       |    18 |    18 ||    36
Dodge: Dodged            |    37 |    40 |    45 |     5 ||   127
Block: Shield            |    39 |    81 |   138 |    22 ||   280
